 Dungeon Crawl Stone Soup version 0.13.0-15-g9204fa6 (webtiles) character file.

2778 Antunes the Ducker (level 9, -6/52 HPs)
             Began as a Kobold Healer on Oct 19, 2013.
             Was a Believer of Elyvilon.
             Mangled by an ice beast (14 damage)
             ... on Level 5 of the Dungeon on Oct 20, 2013.
             The game lasted 02:22:50 (9795 turns).

Antunes the Ducker (Kobold Healer)                  Turns: 9795, Time: 02:22:50

HP  -6/52        AC  9     Str 12      XL: 9   Next: 67%
MP  18/18        EV  9     Int 13      God: Elyvilon [**....]
Gold 475         SH  0     Dex 14      Spells:  0 memorised, 16 levels left

Res.Fire  : . . .   See Invis. : .   a - +3,+4 mace (freeze)
Res.Cold  : . . .   Warding    : .   L - +0 scale mail "Uphegace" {rPois Acc+2}
Life Prot.: . . .   Conserve   : .   (no shield)
Res.Poison: +       Res.Corr.  : .   P - +0 elf cap
Res.Elec. : .       Clarity    : .   C - +0 cloak
Sust.Abil.: + .     Spirit.Shd : .   (no gloves)
Res.Mut.  : .       Stasis     : .   A - +1 pair of boots
Res.Rott. : .       Flight     : .   (no amulet)
Saprovore : + + .                    k - ring of sustain abilities
                                     y - ring of teleport control

@: hasted, very quick, slightly resistant to hostile enchantments, fairly
stealthy
A: disease resistance, carnivore 3, saprovore 2
a: Lesser Healing, Lesser Self-Healing, Divine Protection, Purification,
Renounce Religion, Evoke Teleport Control


You were on level 5 of the Dungeon.
You worshipped Elyvilon.
Elyvilon was pleased with you.
You were completely stuffed.

You visited 3 branches of the dungeon, and saw 13 of its levels.

You collected 375 gold pieces.

Inventory:

Hand weapons
 a - a +3,+4 mace of freezing (weapon)
 b - a +0,+0 bow
 c - a +3,+3 falchion of slicing
 r - a +0,+1 orcish war axe
 s - a +0,+0 sling
 B - a +1,+1 scimitar
 H - a +0,+0 bow
 I - a +0,+0 broad axe
 O - a -1,+4 orcish dagger
Missiles
 f - 8 sling bullets
 i - 34 darts
 m - 15 stones (quivered)
 o - 64 arrows
 v - 48 poisoned needles
 x - 2 poisoned darts
 K - 9 darts of flame
 M - 15 arrows of frost
 Q - 5 curare-tipped needles
Armour
 t - a +2 robe of magic resistance
 A - a +1 pair of boots (worn)
 C - a +0 cloak (worn)
 L - the cursed +0 scale mail "Uphegace" (worn) {rPois Acc+2}
   (You found it on level 9 of the Dungeon)

   It affects your accuracy (+2).
   It protects you from poison.
   It has a curse placed upon it.
 P - a +0 elven cap (worn)
Magical devices
 l - a wand of flame (10)
 n - a wand of digging (9)
 w - a wand of disintegration (1)
 F - a wand of confusion (5)
 N - a wand of slowing (15)
Comestibles
 d - 6 meat rations
 h - a honeycomb
Scrolls
 j - 2 scrolls of remove curse
 p - a scroll of identify
 J - 2 scrolls of teleportation
Jewellery
 e - an uncursed ring of magical power
 g - an uncursed ring of teleportation
 k - a ring of sustain abilities (right hand)
 y - a ring of teleport control (left hand)
Potions
 u - a potion of speed
 z - 2 potions of might
 D - a potion of resistance
 G - 5 potions of curing
Magical staves
 q - an uncursed staff of earth


   Skills:
 * Level 5.5 Fighting
 - Level 1.0 Long Blades
 + Level 1.6 Axes
 * Level 3.0 Maces & Flails
 + Level 1.3 Slings
 - Level 0.8 Bows
 + Level 1.8 Throwing
 + Level 1.0 Armour
 + Level 6.3 Dodging
 * Level 5.6 Stealth
 + Level 0.6 Unarmed Combat
 * Level 4.3 Spellcasting
 * Level 6.1 Invocations
 * Level 5.4 Evocations


You had 16 spell levels left.
You didn't know any spells.

Dungeon Overview and Level Annotations

Branches:
Dungeon (11/27)            Temple (1/1) D:5             Orc (1/4) D:7
   Lair: D:8-13

Altars:
Ashenzari
Elyvilon
Kikubaaqudgha
Makhleb
Nemelex Xobeh
Okawaru
Sif Muna
Vehumet
Xom
Yredelemnul
Zin
the Shining One

Shops:
D:5 %(?

Annotations:
D:8 Joseph


Innate Abilities, Weirdness & Mutations

You recuperate from illness quickly.
You are small and have problems with some larger weapons.
You are carnivorous and can eat meat at any time.
You can eat rotten meat.


Message History

The ice beast hits you but does no damage.
You barely miss the ice beast.
The ice beast is moderately wounded.
The ice beast closely misses you.
The ice beast hits you but does no damage.
You hit the ice beast.
The ice beast is heavily wounded.
The ice beast hits you. The ice beast freezes you!
* * * LOW HITPOINT WARNING * * *
You hit the ice beast but do no damage.
The ice beast is heavily wounded.
The ice beast hits you.
* * * LOW HITPOINT WARNING * * *
The ice beast freezes you.
* * * LOW HITPOINT WARNING * * *
You hit the ice beast.
The ice beast is severely wounded.
The ice beast hits you but does no damage.
Your scale mail prevents you from hitting the ice beast.
The ice beast is severely wounded.
The ice beast hits you.
* * * LOW HITPOINT WARNING * * *
The ice beast freezes you.
* * * LOW HITPOINT WARNING * * *
The ice beast hits you.
* * * LOW HITPOINT WARNING * * *
The ice beast freezes you!
* * * LOW HITPOINT WARNING * * *
Drink which item? (? for menu, Esc to quit)
You feel much better. The ice beast hits you.
* * * LOW HITPOINT WARNING * * *
The ice beast freezes you!
* * * LOW HITPOINT WARNING * * *
Quiver which item? (- for none, * to show all) (? for menu, Esc to quit)
Okay, then.
Drink which item? (? for menu, Esc to quit)
You feel yourself speed up. The ice beast hits you.
* * * LOW HITPOINT WARNING * * *
The ice beast freezes you!
You die...

......# #######....#.#
....................#.#
......##########....#.#
####### #....#.#
#..###.# . #..# #.# .#
#..# #.# .# #..# #%# .#
###@.###.## .##
#########.I.......#
....
..................#
....
..................#
#### ##################


You could see an ice beast.

Vanquished Creatures
  Grinder (D:3)
  Prince Ribbit (D:6)
  A soldier ant (D:11)
  A sky beast (D:10)
  An ice beast (D:10)
  4 ogres
  2 centaurs
  A giant frog (D:6)
  3 wights (D:9)
  A goliath beetle (D:10)
  4 crimson imps
  A giant frog zombie (D:11)
  Crazy Yiuf (D:3)
  A giant frog skeleton (D:5)
  An orc wizard (D:3)
  2 iguanas
  A scorpion (D:10)
  2 worker ants
  Jessica (D:3)
  Terence (D:3)
  A worker ant zombie (D:5)
  3 adders
  A giant mite (D:5)
  An inept feature mimic (D:5)
  A giant eyeball (D:4)
  A giant gecko (D:9)
  2 oozes
  12 orcs
  3 ball pythons
  5 bats
  5 giant cockroaches
  2 goblins
  4 hobgoblins
  3 jackals
  A giant gecko skeleton (D:4)
  4 giant newts
  A giant newt skeleton (D:5)
  2 giant spores
  2 hobgoblin skeletons
  A kobold (D:10)
  A kobold skeleton (D:3)
  A quokka skeleton (D:10)
  12 rats
  4 ballistomycetes (D:7)
104 creatures vanquished.

Vanquished Creatures (others)
  An adder (D:3)
  2 giant geckos
  A giant cockroach (D:1)
  2 jackals (D:2)
  A quokka (D:6)
  2 goblins (D:3)
  A kobold (D:3)
10 creatures vanquished.

Grand Total: 114 creatures vanquished

Notes
Turn   | Place    | Note
--------------------------------------------------------------
     0 | D:1      | Antunes, the Kobold Healer, began the quest for the Orb.
     0 | D:1      | Reached XP level 1. HP: 12/12 MP: 2/2
   334 | D:1      | Reached XP level 2. HP: 17/17 MP: 4/4
  1329 | D:2      | Reached skill level 1 in Stealth
  1387 | D:2      | Reached XP level 3. HP: 21/21 MP: 4/6
  2068 | D:2      | Found a glowing silver altar of Zin.
  2075 | D:2      | Found a basalt altar of Yredelemnul.
  2078 | D:2      | Found a glowing golden altar of the Shining One.
  2426 | D:2      | Found a sparkling altar of Nemelex Xobeh.
  2469 | D:3      | Reached skill level 1 in Spellcasting
  2475 | D:3      | Noticed Jessica
  2517 | D:3      | Reached skill level 2 in Stealth
  2529 | D:3      | Noticed a moth of wrath
  2556 | D:3      | Killed Jessica
  2556 | D:3      | Reached skill level 3 in Dodging
  2556 | D:3      | Reached XP level 4. HP: 15/27 MP: 8/8
  2984 | D:3      | Noticed Grinder
  3318 | D:3      | Noticed Crazy Yiuf
  3358 | D:3      | Reached XP level 5. HP: 9/31 MP: 9/9
  3548 | D:3      | Killed Crazy Yiuf
  3801 | D:3      | Reached skill level 1 in Evocations
  3969 | D:3      | Noticed Terence
  3990 | D:3      | Killed Terence
  4196 | D:3      | Noticed a centaur
  4216 | D:3      | Killed a centaur
  4216 | D:3      | Reached skill level 4 in Dodging
  4216 | D:3      | Reached skill level 3 in Stealth
  4216 | D:3      | Reached skill level 2 in Spellcasting
  4216 | D:3      | Reached skill level 2 in Evocations
  4216 | D:3      | Reached XP level 6. HP: 26/36 MP: 11/11
  4383 | D:3      | Paralysed by Grinder for 3 turns
  4396 | D:3      | Killed Grinder
  4396 | D:3      | Reached skill level 3 in Fighting
  4396 | D:3      | Reached skill level 1 in Axes
  4396 | D:3      | Reached skill level 1 in Throwing
  4396 | D:3      | Reached XP level 7. HP: 35/40 MP: 13/13
  4623 | D:4      | Paralysed by a giant eyeball for 3 turns
  4820 | D:5      | Entered Level 5 of the Dungeon
  4820 | D:5      | Found Qamp's Weapon Shop.
  4837 | D:5      | Found Clolleil's Food Shop.
  5158 | D:5      | Found a staircase to the Ecumenical Temple.
  5305 | D:6      | Reached skill level 3 in Evocations
  5490 | D:6      | Got an ichor-stained ring mail
  5500 | Temple   | Entered the Ecumenical Temple
  5721 | Temple   | Upgraded the game from 0.13.0-13-g27bfa31 to 0.13.0-15-g9204fa6
  5721 | Temple   | Identified the cursed -5 ring mail "Pnuefan" {rC++} (You found it on level 6 of the Dungeon)
  5789 | D:6      | Reached skill level 5 in Dodging
  5901 | D:6      | Reached skill level 3 in Spellcasting
  5901 | D:6      | Reached XP level 8. HP: 23/46 MP: 15/15
  6056 | D:6      | Noticed Prince Ribbit
  6079 | D:6      | Killed Prince Ribbit
  6079 | D:6      | Reached skill level 4 in Fighting
  6079 | D:6      | Reached skill level 4 in Stealth
  6261 | D:7      | Found a staircase to the Orcish Mines.
  6276 | D:7      | Reached skill level 5 in Invocations
  6276 | D:7      | Reached skill level 4 in Evocations
  6556 | D:7      | Reached skill level 1 in Long Blades
  6593 | D:7      | Noticed an eight-headed hydra
  6624 | Orc:1    | Entered Level 1 of the Orcish Mines
  6959 | D:8      | Noticed a seven-headed hydra
  6971 | D:8      | Noticed Joseph
  7213 | D:9      | Reached skill level 6 in Dodging
  7222 | D:9      | Reached XP level 9. HP: 24/52 MP: 18/18
  7434 | D:9      | Reached skill level 5 in Stealth
  7602 | D:9      | Got a warped scale mail
  7603 | D:9      | Identified the +0 scale mail "Uphegace" {rPois Acc+2} (You found it on level 9 of the Dungeon)
  7651 | D:9      | Noticed a two-headed ogre
  7663 | D:10     | Entered Level 10 of the Dungeon
  7792 | D:10     | Reached skill level 5 in Fighting
  7792 | D:10     | Reached skill level 1 in Maces & Flails
  7985 | D:10     | Found a white marble altar of Elyvilon.
  8025 | D:11     | Reached skill level 4 in Spellcasting
  8212 | D:10     | Noticed a hill giant
  8266 | D:10     | Reached skill level 2 in Maces & Flails
  8266 | D:10     | Reached skill level 1 in Slings
  8270 | D:10     | Reached skill level 5 in Evocations
  8527 | D:10     | Noticed a hill giant
  8580 | D:11     | Noticed a hill giant
  9194 | D:10     | Noticed a cyclops
  9391 | D:9      | Reached skill level 6 in Invocations
  9407 | D:9      | Reached skill level 1 in Armour
  9723 | D:5      | Found Warihad's Magic Scroll Shoppe.
  9746 | D:5      | Reached skill level 3 in Maces & Flails
  9790 | D:5      | HP: 3/52 [ice beast (6)]
  9795 | D:5      | Mangled by an ice beast

Action                   |  1- 3 |  4- 6 |  7- 9 || total
-------------------------+-------+-------+-------++-------
Melee: Unarmed           |   147 |       |       ||   147
       War axe           |     8 |    67 |    36 ||   111
       Club              |     6 |       |       ||     6
       Falchion          |       |       |   102 ||   102
       Mace              |       |       |   133 ||   133
 Fire: Bow               |       |     6 |     6 ||    12
       Sling             |       |       |    13 ||    13
Throw: Stone             |     9 |     3 |     7 ||    19
       Dart              |       |       |    14 ||    14
Invok: Lesser Healing    |    34 |    11 |    65 ||   110
Evoke: Wand              |       |     6 |     6 ||    12
  Use: Potion            |       |     1 |     3 ||     4
       Scroll            |       |       |    27 ||    27
 Stab: Sleeping          |     1 |     2 |     6 ||     9

Table legend:
 A = Turns spent in this place as a percentage of turns spent in the entire game.
 B = Non-inter-level travel turns spent in this place as a percentage of non-inter-level travel turns spent in the entire game.
 C = Inter-level travel turns spent in this place as a percentage of turns spent in this place.
 D = Turns resting spent in this place as a percentage of non-inter-level travel turns spent in this place.
 E = Turns spent auto-exploring this place as a percentage of non-inter-level travel turns spent in this place.
 F = Non-inter-level travel turns spent in this place divided by the number of levels of this place that you've seen.
                   A       B       C       D       E      F
               +-------+-------+-------+-------+-------+----------------------
         Total | 100.0 | 100.0 |   0.0 |   2.4 |   0.4 | 422.3
       Dungeon |  98.9 |  98.9 |   0.0 |   2.5 |   0.4 | 493.5
        Temple |   1.1 |   1.1 |   0.0 |   0.0 |   1.6 |  61.0
  Orcish Mines |   0.0 |   0.0 |   0.0 |   0.0 |   0.0 |   1.0
               +-------+-------+-------+-------+-------+----------------------

Table legend:
 A = Kills in this place as a percentage of kills in entire the game.
 B = Kills by you in this place as a percentage of kills by you in the entire game.
 C = Kills by friends in this place as a percentage of kills by friends in the entire game.
 D = Other kills in this place as a percentage of other kills in the entire game.
 E = Experience gained in this place as a percentage of experience gained in the entire game.
 F = Experience gained in this place divided by the number of levels of this place that you have seen.
                   A       B       C       D       E      F
               +-------+-------+-------+-------+-------+----------------------
         Total | 100.0 | 100.0 |  -nan | 100.0 | 100.0 | 210.2
       Dungeon | 100.0 | 100.0 |  -nan | 100.0 | 100.0 | 248.4
               +-------+-------+-------+-------+-------+----------------------

Vault maps used:
D:1:      minmay_entry_wavy_path
D:2:      minitemple, first_bread, nemelex_dance_club_becter
D:3:      tgw_trog, uniq_grinder, uniq_terence, uniq_jessica,
          uniq_crazy_yiuf_cottage
D:4:      wad_pebble_path
D:5:      minmay_temple_entry_from_below_a, serial_shops, shop_fountains, shop,
          shop
D:6:      uniq_prince_ribbit1
D:7:      lemuel_coloured_pillars_altar, orc_0_dummy
D:8:      amethyst_overflow_temple_binary, nicolae_offbrand_ammo, uniq_joseph
D:9:      infiniplex_staircase_pool_1, minivault_8
D:10:     hangedman_glass_garden, eino_tiny_chamber, elyvilon_altar_5
D:11:     serial_shops, shop, uniq_josephine
Temple:   minmay_temple_bridge_a_8
Orc:1:    basic_altar

Action                   |  1- 3 |  4- 6 |  7- 9 || total
-------------------------+-------+-------+-------++-------
Melee: Unarmed           |   147 |       |       ||   147
       War axe           |     8 |    67 |    36 ||   111
       Club              |     6 |       |       ||     6
       Falchion          |       |       |   102 ||   102
       Mace              |       |       |   133 ||   133
 Fire: Bow               |       |     6 |     6 ||    12
       Sling             |       |       |    13 ||    13
Throw: Stone             |     9 |     3 |     7 ||    19
       Dart              |       |       |    14 ||    14
Invok: Lesser Healing    |    34 |    11 |    65 ||   110
Evoke: Wand              |       |     6 |     6 ||    12
  Use: Potion            |       |     1 |     3 ||     4
       Scroll            |       |       |    27 ||    27
 Stab: Sleeping          |     1 |     2 |     6 ||     9
Dungeon Crawl Stone Soup version 0.13.0-15-g9204fa6 (webtiles) character file. 2778 Antunes the Ducker (level 9, -6/52 HPs) Began as a Kobold Healer on Oct 19, 2013. Was a Believer of Elyvilon. Mangled by an ice beast (14 damage) ... on Level 5 of the Dungeon on Oct 20, 2013. The game lasted 02:22:50 (9795 turns). Antunes the Ducker (Kobold Healer) Turns: 9795, Time: 02:22:50 HP -6/52 AC 9 Str 12 XL: 9 Next: 67% MP 18/18 EV 9 Int 13 God: Elyvilon [**....] Gold 475 SH 0 Dex 14 Spells: 0 memorised, 16 levels left Res.Fire : . . . See Invis. : . a - +3,+4 mace (freeze) Res.Cold : . . . Warding : . L - +0 scale mail "Uphegace" {rPois Acc+2} Life Prot.: . . . Conserve : . (no shield) Res.Poison: + Res.Corr. : . P - +0 elf cap Res.Elec. : . Clarity : . C - +0 cloak Sust.Abil.: + . Spirit.Shd : . (no gloves) Res.Mut. : . Stasis : . A - +1 pair of boots Res.Rott. : . Flight : . (no amulet) Saprovore : + + . k - ring of sustain abilities y - ring of teleport control @: hasted, very quick, slightly resistant to hostile enchantments, fairly stealthy A: disease resistance, carnivore 3, saprovore 2 a: Lesser Healing, Lesser Self-Healing, Divine Protection, Purification, Renounce Religion, Evoke Teleport Control You were on level 5 of the Dungeon. You worshipped Elyvilon. Elyvilon was pleased with you. You were completely stuffed. You visited 3 branches of the dungeon, and saw 13 of its levels. You collected 375 gold pieces. Dungeon Overview and Level Annotations Branches: Dungeon (11/27) Temple (1/1) D:5 Orc (1/4) D:7 Lair: D:8-13 Altars: Ashenzari Elyvilon Kikubaaqudgha Makhleb Nemelex Xobeh Okawaru Sif Muna Vehumet Xom Yredelemnul Zin the Shining One Shops: D:5 %(? Annotations: D:8 Joseph Innate Abilities, Weirdness & Mutations You recuperate from illness quickly. You are small and have problems with some larger weapons. You are carnivorous and can eat meat at any time. You can eat rotten meat. Skills: * Level 5.5 Fighting - Level 1.0 Long Blades + Level 1.6 Axes * Level 3.0 Maces & Flails + Level 1.3 Slings - Level 0.8 Bows + Level 1.8 Throwing + Level 1.0 Armour + Level 6.3 Dodging * Level 5.6 Stealth + Level 0.6 Unarmed Combat * Level 4.3 Spellcasting * Level 6.1 Invocations * Level 5.4 Evocations You had 16 spell levels left. You didn't know any spells. Inventory: Hand weapons a - a +3,+4 mace of freezing (weapon) b - a +0,+0 bow c - a +3,+3 falchion of slicing r - a +0,+1 orcish war axe s - a +0,+0 sling B - a +1,+1 scimitar H - a +0,+0 bow I - a +0,+0 broad axe O - a -1,+4 orcish dagger Missiles f - 8 sling bullets i - 34 darts m - 15 stones (quivered) o - 64 arrows v - 48 poisoned needles x - 2 poisoned darts K - 9 darts of flame M - 15 arrows of frost Q - 5 curare-tipped needles Armour t - a +2 robe of magic resistance A - a +1 pair of boots (worn) C - a +0 cloak (worn) L - the cursed +0 scale mail "Uphegace" (worn) {rPois Acc+2} (You found it on level 9 of the Dungeon) It affects your accuracy (+2). It protects you from poison. It has a curse placed upon it. P - a +0 elven cap (worn) Magical devices l - a wand of flame (10) n - a wand of digging (9) w - a wand of disintegration (1) F - a wand of confusion (5) N - a wand of slowing (15) Comestibles d - 6 meat rations h - a honeycomb Scrolls j - 2 scrolls of remove curse p - a scroll of identify J - 2 scrolls of teleportation Jewellery e - an uncursed ring of magical power g - an uncursed ring of teleportation k - a ring of sustain abilities (right hand) y - a ring of teleport control (left hand) Potions u - a potion of speed z - 2 potions of might D - a potion of resistance G - 5 potions of curing Magical staves q - an uncursed staff of earth Message History The ice beast hits you but does no damage. You barely miss the ice beast. The ice beast is moderately wounded. The ice beast closely misses you. The ice beast hits you but does no damage. You hit the ice beast. The ice beast is heavily wounded. The ice beast hits you. The ice beast freezes you! * * * LOW HITPOINT WARNING * * * You hit the ice beast but do no damage. The ice beast is heavily wounded. The ice beast hits you. * * * LOW HITPOINT WARNING * * * The ice beast freezes you. * * * LOW HITPOINT WARNING * * * You hit the ice beast. The ice beast is severely wounded. The ice beast hits you but does no damage. Your scale mail prevents you from hitting the ice beast. The ice beast is severely wounded. The ice beast hits you. * * * LOW HITPOINT WARNING * * * The ice beast freezes you. * * * LOW HITPOINT WARNING * * * The ice beast hits you. * * * LOW HITPOINT WARNING * * * The ice beast freezes you! * * * LOW HITPOINT WARNING * * * Drink which item? (? for menu, Esc to quit) You feel much better. The ice beast hits you. * * * LOW HITPOINT WARNING * * * The ice beast freezes you! * * * LOW HITPOINT WARNING * * * Quiver which item? (- for none, * to show all) (? for menu, Esc to quit) Okay, then. Drink which item? (? for menu, Esc to quit) You feel yourself speed up. The ice beast hits you. * * * LOW HITPOINT WARNING * * * The ice beast freezes you! You die... ......# #######....#.# ....................#.# ......##########....#.# ####### #....#.# #..###.# . #..# #.# .# #..# #.# .# #..# #%# .# ###@.###.## .## #########.I.......# .... ..................# .... ..................# #### ################## You could see an ice beast.

Vanquished Creatures
  Grinder (D:3)
  Prince Ribbit (D:6)
  A soldier ant (D:11)
  A sky beast (D:10)
  An ice beast (D:10)
  4 ogres
  2 centaurs
  A giant frog (D:6)
  3 wights (D:9)
  A goliath beetle (D:10)
  4 crimson imps
  A giant frog zombie (D:11)
  Crazy Yiuf (D:3)
  A giant frog skeleton (D:5)
  An orc wizard (D:3)
  2 iguanas
  A scorpion (D:10)
  2 worker ants
  Jessica (D:3)
  Terence (D:3)
  A worker ant zombie (D:5)
  3 adders
  A giant mite (D:5)
  An inept feature mimic (D:5)
  A giant eyeball (D:4)
  A giant gecko (D:9)
  2 oozes
  12 orcs
  3 ball pythons
  5 bats
  5 giant cockroaches
  2 goblins
  4 hobgoblins
  3 jackals
  A giant gecko skeleton (D:4)
  4 giant newts
  A giant newt skeleton (D:5)
  2 giant spores
  2 hobgoblin skeletons
  A kobold (D:10)
  A kobold skeleton (D:3)
  A quokka skeleton (D:10)
  12 rats
  4 ballistomycetes (D:7)
104 creatures vanquished.

Vanquished Creatures (others)
  An adder (D:3)
  2 giant geckos
  A giant cockroach (D:1)
  2 jackals (D:2)
  A quokka (D:6)
  2 goblins (D:3)
  A kobold (D:3)
10 creatures vanquished. Grand Total:
114 creatures vanquished Notes Turn | Place | Note -------------------------------------------------------------- 0 | D:1 | Antunes, the Kobold Healer, began the quest for the Orb. 0 | D:1 | Reached XP level 1. HP: 12/12 MP: 2/2 334 | D:1 | Reached XP level 2. HP: 17/17 MP: 4/4 1329 | D:2 | Reached skill level 1 in Stealth 1387 | D:2 | Reached XP level 3. HP: 21/21 MP: 4/6 2068 | D:2 | Found a glowing silver altar of Zin. 2075 | D:2 | Found a basalt altar of Yredelemnul. 2078 | D:2 | Found a glowing golden altar of the Shining One. 2426 | D:2 | Found a sparkling altar of Nemelex Xobeh. 2469 | D:3 | Reached skill level 1 in Spellcasting 2475 | D:3 | Noticed Jessica 2517 | D:3 | Reached skill level 2 in Stealth 2529 | D:3 | Noticed a moth of wrath 2556 | D:3 | Killed Jessica 2556 | D:3 | Reached skill level 3 in Dodging 2556 | D:3 | Reached XP level 4. HP: 15/27 MP: 8/8 2984 | D:3 | Noticed Grinder 3318 | D:3 | Noticed Crazy Yiuf 3358 | D:3 | Reached XP level 5. HP: 9/31 MP: 9/9 3548 | D:3 | Killed Crazy Yiuf 3801 | D:3 | Reached skill level 1 in Evocations 3969 | D:3 | Noticed Terence 3990 | D:3 | Killed Terence 4196 | D:3 | Noticed a centaur 4216 | D:3 | Killed a centaur 4216 | D:3 | Reached skill level 4 in Dodging 4216 | D:3 | Reached skill level 3 in Stealth 4216 | D:3 | Reached skill level 2 in Spellcasting 4216 | D:3 | Reached skill level 2 in Evocations 4216 | D:3 | Reached XP level 6. HP: 26/36 MP: 11/11 4383 | D:3 | Paralysed by Grinder for 3 turns 4396 | D:3 | Killed Grinder 4396 | D:3 | Reached skill level 3 in Fighting 4396 | D:3 | Reached skill level 1 in Axes 4396 | D:3 | Reached skill level 1 in Throwing 4396 | D:3 | Reached XP level 7. HP: 35/40 MP: 13/13 4623 | D:4 | Paralysed by a giant eyeball for 3 turns 4820 | D:5 | Entered Level 5 of the Dungeon 4820 | D:5 | Found Qamp's Weapon Shop. 4837 | D:5 | Found Clolleil's Food Shop. 5158 | D:5 | Found a staircase to the Ecumenical Temple. 5305 | D:6 | Reached skill level 3 in Evocations 5490 | D:6 | Got an ichor-stained ring mail 5500 | Temple | Entered the Ecumenical Temple 5721 | Temple | Upgraded the game from 0.13.0-13-g27bfa31 to 0.13.0-15-g9204fa6 5721 | Temple | Identified the cursed -5 ring mail "Pnuefan" {rC++} (You found it on level 6 of the Dungeon) 5789 | D:6 | Reached skill level 5 in Dodging 5901 | D:6 | Reached skill level 3 in Spellcasting 5901 | D:6 | Reached XP level 8. HP: 23/46 MP: 15/15 6056 | D:6 | Noticed Prince Ribbit 6079 | D:6 | Killed Prince Ribbit 6079 | D:6 | Reached skill level 4 in Fighting 6079 | D:6 | Reached skill level 4 in Stealth 6261 | D:7 | Found a staircase to the Orcish Mines. 6276 | D:7 | Reached skill level 5 in Invocations 6276 | D:7 | Reached skill level 4 in Evocations 6556 | D:7 | Reached skill level 1 in Long Blades 6593 | D:7 | Noticed an eight-headed hydra 6624 | Orc:1 | Entered Level 1 of the Orcish Mines 6959 | D:8 | Noticed a seven-headed hydra 6971 | D:8 | Noticed Joseph 7213 | D:9 | Reached skill level 6 in Dodging 7222 | D:9 | Reached XP level 9. HP: 24/52 MP: 18/18 7434 | D:9 | Reached skill level 5 in Stealth 7602 | D:9 | Got a warped scale mail 7603 | D:9 | Identified the +0 scale mail "Uphegace" {rPois Acc+2} (You found it on level 9 of the Dungeon) 7651 | D:9 | Noticed a two-headed ogre 7663 | D:10 | Entered Level 10 of the Dungeon 7792 | D:10 | Reached skill level 5 in Fighting 7792 | D:10 | Reached skill level 1 in Maces & Flails 7985 | D:10 | Found a white marble altar of Elyvilon. 8025 | D:11 | Reached skill level 4 in Spellcasting 8212 | D:10 | Noticed a hill giant 8266 | D:10 | Reached skill level 2 in Maces & Flails 8266 | D:10 | Reached skill level 1 in Slings 8270 | D:10 | Reached skill level 5 in Evocations 8527 | D:10 | Noticed a hill giant 8580 | D:11 | Noticed a hill giant 9194 | D:10 | Noticed a cyclops 9391 | D:9 | Reached skill level 6 in Invocations 9407 | D:9 | Reached skill level 1 in Armour 9723 | D:5 | Found Warihad's Magic Scroll Shoppe. 9746 | D:5 | Reached skill level 3 in Maces & Flails 9790 | D:5 | HP: 3/52 [ice beast (6)] 9795 | D:5 | Mangled by an ice beast
